 Dungeon Crawl Stone Soup version 0.24.0-123-gd5b16e6ec5 (webtiles) character file.

Game seed: 18367158654823758308, levelgen mode: deterministic

1318 Martska the Skirmisher (level 8, -12/62 HPs)
             Began as a Human Skald on Feb 10, 2020.
             Mangled by an ogre
             ... wielding a +0 giant spiked club
              (17 damage)
             ... on level 8 of the Dungeon.
             The game lasted 00:18:52 (5631 turns).

Martska the Skirmisher (Human Skald)                Turns: 5631, Time: 00:18:52

Health: -12/62     AC:  4    Str: 14    XL:     8   Next: 90%
Magic:  7/13       EV: 13    Int: 13    God:
Gold:   231        SH:  0    Dex: 13    Spells: 2/14 levels left

rFire    + . .     SeeInvis .   j - +1 dagger (venom)
rCold    . . .     Gourm    .   (no shield)
rNeg     . . .     Faith    .   b - +0 leather armour
rPois    .         Spirit   .   n - +0 helmet
rElec    .         Reflect  .   (no cloak)
rCorr    .         Harm     .   (no gloves)
MR       .....                  (no boots)
Stlth    +.........             (no amulet)
HPRegen  1.20/turn              o - ring of fire
MPRegen  0.13/turn              k - ring of protection from cold

@: regenerating
A: no striking features
a: no special abilities


You were on level 8 of the Dungeon.
You were not hungry.

You visited 1 branch of the dungeon, and saw 6 of its levels.

You collected 231 gold pieces.

Inventory:

Hand Weapons
 a - a +0 falchion
 j - a +1 dagger of venom (weapon)
 B - a +0 whip of flaming
Armour
 b - a +0 leather armour (worn)
 n - a +0 helmet (worn)
 C - a +0 ring mail
Jewellery
 k - a ring of protection from cold (right hand)
 o - a ring of fire (left hand)
Wands
 r - a wand of acid (8)
Scrolls
 c - a scroll of remove curse
 l - 7 scrolls of identify {unknown}
 p - 3 scrolls of enchant armour {unknown}
 y - a scroll of random uselessness {unknown}
 A - a scroll of enchant weapon {unknown}
Potions
 e - a potion of agility {unknown}
 f - a potion of curing {unknown}
 h - a potion of might {unknown}
 i - 2 potions of lignification {unknown}
 q - 2 potions of flight {unknown}
 s - 2 potions of haste
 u - a potion of mutation {unknown}
 v - a potion of magic {unknown}
 x - a potion of resistance {unknown}
 z - a potion of brilliance {unknown}
Comestibles
 d - 3 rations


   Skills:
 * Level 5.2 Fighting
 * Level 5.1 Long Blades
 + Level 3.4 Armour
 + Level 3.8 Dodging
 + Level 3.7 Spellcasting
 + Level 2.6 Hexes
 + Level 4.4 Charms


You had 2 spell levels left.
You knew the following spells:

 Your Spells              Type           Power        Failure   Level  Hunger
a - Infusion              Chrm           ##..         4%          1    #......
b - Regeneration          Chrm/Necr      #.........   32%         3    ###....
c - Spectral Weapon       Hex/Chrm       ##......     19%         3    ###....
d - Ensorcelled Hibernat  Hex/Ice        #.....       24%         2    ##.....
e - Confuse               Hex            #.......     26%         3    ###....

Your spell library contained the following spells:

 Spells                   Type           Power        Failure   Level  Hunger
 Song of Slaying          Chrm           ##......     6%          2    ##.....
 Corona                   Hex            #......      9%          1    #......
 Shroud of Golubria       Chrm/Tloc      #.....       16%         2    ##.....
 Tukima's Dance           Hex            #.......     26%         3    ###....
 Dazzling Spray           Conj/Hex       #.....       43%         3    ###....


Dungeon Overview and Level Annotations

Branches:
Dungeon (5/15)
 Temple: D:4-7

Altars:
Ashenzari
Cheibriados
Gozag
Hepliaklqana
Makhleb
Okawaru
Qazlal
Ru
Uskayaw
Xom
Zin


Message History

Confirm with . or Enter, or press ? or * to list all spells.
You draw out your weapon's spirit!
The ogre shouts!
Casting: Spectral Weapon (safe; 19% risk of failure)
Confirm with . or Enter, or press ? or * to list all spells.
Your skin crawls.
You hit the ogre.
The ogre is lightly wounded.
Your spectral weapon hits the ogre.
The ogre is poisoned.
You barely miss the ogre.
The ogre is moderately wounded.
Your spectral weapon hits the ogre.
The ogre hits you with a +0 giant spiked club!!
* * * LOW HITPOINT WARNING * * *
You hit the ogre.
The ogre looks even sicker.
The ogre is heavily wounded.
Your spectral weapon hits the ogre but does no damage.
The ogre looks as sick as possible!
The ogre hits you with a +0 giant spiked club!
You die...

.....#.........
.....'......... ...#
.....#......... ...
.....#......... ...
#'####......... ..
#....##'##########'####.
#.......................
#...............O.......
#...............@(......
#.......................
########################


You could see an ogre and a friendly spectral +1 dagger of venom.

Vanquished Creatures
  Pikel (D:4)
  An elephant (D:8)
  A gnoll sergeant (D:8)
  A scorpion (D:4)
  2 howler monkeys (D:8)
  2 hounds (D:4)
  Natasha (D:4)
  An orc wizard (D:3)
  3 gnolls (D:8)
  5 adders
  A shadow imp (D:8)
  An ooze (D:3)
  An adder zombie (D:5)
  6 worms
  4 dart slugs
  3 orcs (D:3)
  A ball python (D:2)
  4 giant cockroaches
  10 goblins
  8 hobgoblins
  14 jackals
  2 quokkas
  10 bats
  4 frilled lizards
  11 kobolds
  11 rats
109 creatures vanquished.

Vanquished Creatures (others)
  A slave (D:4)
  Natasha (twice) (D:4)
  A howler monkey skeleton (D:4)
  A spectral weapon (D:8)
5 creatures vanquished.

Grand Total: 114 creatures vanquished

Notes
Turn   | Place    | Note
-------+----------+-------------------------------------------
     0 | D:1      | Martska the Human Skald began the quest for the Orb.
     0 | D:1      | Reached XP level 1. HP: 16/16 MP: 3/3
   134 | D:1      | Reached XP level 2. HP: 9/22 MP: 5/5
   798 | D:1      | Reached XP level 3. HP: 28/28 MP: 6/6
   803 | D:1      | Learned a level 3 spell: Regeneration
  1493 | D:2      | Reached XP level 4. HP: 34/34 MP: 7/7
  1498 | D:2      | Learned a level 3 spell: Spectral Weapon
  2179 | D:2      | Reached XP level 5. HP: 37/41 MP: 8/8
  2259 | D:2      | Found a burning altar of Makhleb.
  2259 | D:2      | Found an iron altar of Okawaru.
  2265 | D:2      | Found a shattered altar of Ashenzari.
  2956 | D:3      | Found a shimmering altar of Xom.
  2956 | D:3      | Noticed an angel
  2958 | D:3      | Found a glowing silver altar of Zin.
  2996 | D:3      | Learned a level 2 spell: Ensorcelled Hibernation
  3037 | D:3      | Found a hazy altar of Hepliaklqana.
  3317 | D:3      | Found a hide-covered altar of Uskayaw.
  3317 | D:3      | Found a sacrificial altar of Ru.
  3349 | D:3      | Found a snail-covered altar of Cheibriados.
  3349 | D:3      | Found a stormy altar of Qazlal.
  3353 | D:3      | Found an opulent altar of Gozag.
  3374 | D:3      | Reached XP level 6. HP: 46/47 MP: 10/10
  3960 | D:4      | Noticed Pikel
  3960 | D:4      | Noticed a slave
  3960 | D:4      | Noticed a slave
  3969 | D:4      | Noticed a slave
  3970 | D:4      | Noticed a slave
  3979 | D:4      | Killed Pikel
  3979 | D:4      | Reached skill level 1 in Hexes
  3979 | D:4      | Reached XP level 7. HP: 13/55 MP: 7/11
  3997 | D:4      | Noticed Natasha
  4132 | D:4      | Killed Natasha
  4399 | D:4      | Reached XP level 8. HP: 47/61 MP: 12/12
  4631 | D:4      | Learned a level 3 spell: Confuse
  4708 | D:4      | Killed Natasha
  4709 | D:4      | Noticed Natasha
  4728 | D:4      | Killed Natasha
  5068 | D:5      | Entered Level 5 of the Dungeon
  5129 | D:5      | You fall into a shaft and drop 3 floors!
  5510 | D:8      | Noticed an elephant
  5541 | D:8      | HP: 3/61 [ogre/+0 giant spiked club (4)]
  5546 | D:8      | Killed an elephant
  5546 | D:8      | Reached skill level 5 in Fighting
  5546 | D:8      | Reached skill level 5 in Long Blades
  5631 | D:8      | Mangled by an ogre

Levels and vault maps discovered:
D:1:      beargit_arrival_greenhouse, layout_basic, minmay_unequal
D:2:      layout_basic, grunt_temple_overflow_open, minmay_circle_x
D:3:      minmay_wonky_spiral, layout_basic,
          grunt_temple_overflow_order_and_chaos_1,
          nicolae_overflow_hidden_temple, lemuel_round_altar, first_ration
D:4:      layout_loops_ring, uniq_natasha, uniq_grinder, uniq_pikel
D:5:      layout_rooms, lemuel_round_altar, marbit_many_paths, bloody_makhleb
D:8:      layout_gridville, david_lair_generic, lemuel_oklob_altar

Skill      XL: |  1  2  3  4  5  6  7  8 |
---------------+-------------------------+-----
Fighting       | 3 4 5 |  5.2
Long Blades    | 3 4 5 |  5.1
Armour         | 2 3 |  3.4
Dodging        | 3 |  3.8
Spellcasting   | 3 |  3.7
Hexes          | 1 2 |  2.6
Charms         | 4 |  4.4

Action                   |  1- 3 |  4- 6 |  7- 9 || total
-------------------------+-------+-------+-------++-------
Melee: Falchion          |    97 |       |       ||    97
       Dagger            |    26 |   217 |    82 ||   325
 Cast: Infusion          |     3 |       |       ||     3
       Regeneration      |     3 |     6 |     2 ||    11
       Spectral Weapon   |       |       |     7 ||     7
  Use: Scroll            |       |     2 |     6 ||     8
       Potion            |       |       |     1 ||     1
 Stab: Distracted        |       |     1 |     1 ||     2
  Eat: Chunk             |     3 |     1 |       ||     4
       Ration            |       |     2 |     3 ||     5
Armor: Leather armour    |    35 |    43 |    16 ||    94
Dodge: Dodged            |   113 |   133 |    47 ||   293
       Rpst.: Falchion   |    28 |       |       ||    28
